African Clearing
506506551Analyzed2v2 RM
·
19d ago on Sep 13, 2026·
63m 23s·
4 players
Game mode
Random Map
Map size
Medium (4 player)
Population
200
Speed
Normal
Resources
Standard
Victory
Conquest
Starting age
Dark Age
Ending age
Imperial Age
RankedLock teamsTeams togetherTeam positionsShared explorationLock speedFull tech treeHidden civsTurbo modeCheats
Victory
Defeat
Replay analysis
violachaos
9:41
Loom
11:55
Feudal Age
12:28
Double-Bit Axe
15:06
Forging
17:14
Bloodlines
18:59
Scale Barding Armor
23:38
Castle Age
22:45
Fletching
23:00
Horse Collar
24:09
Gold Mining
24:59
Bow Saw
25:51
Padded Archer Armor
27:22
Bodkin Arrow
32:38
Leather Archer Armor
33:07
Ballistics
33:54
Heavy Plow
34:53
Thumb Ring
37:19
Wheelbarrow
41:59
Imperial Age
42:54
Bracer
43:57
Chemistry
43:49
Parthian Tactics
42:52
Heavy Cavalry Archer
44:02
Elite Skirmisher
45:33
Iron Casting
45:19
Chain Barding Armor
47:03
Marauders
48:04
Husbandry
48:41
Plate Barding Armor
47:37
Elite Tarkan
49:28
Hand Cart
48:58
Town Watch
50:34
Blast Furnace
60:12
Masonry
koole
7:20
Loom
13:11
Feudal Age
15:14
Double-Bit Axe
18:20
Castle Age
17:17
Bloodlines
17:23
Forging
19:15
Gold Mining
20:07
Horse Collar
21:53
Scale Barding Armor
23:34
Wheelbarrow
25:30
Heavy Plow
28:03
Bow Saw
30:21
Chain Barding Armor
31:11
Husbandry
32:22
Iron Casting
34:14
Stone Mining
39:02
Imperial Age
36:57
Hand Cart
39:24
Fletching
39:17
Capped Ram
40:48
Plate Barding Armor
39:47
Siege Ram
40:50
Bodkin Arrow
42:37
Bracer
43:21
Fortified Bastions
43:41
Conscription
43:17
Elite Iron Pagoda
45:08
Two-Man Saw
47:31
Blast Furnace
47:11
Padded Archer Armor
47:32
Thunderclap Bombs
50:18
Elite Skirmisher
51:47
Hoardings
52:48
Ballistics
53:29
Chemistry
53:23
Leather Archer Armor
54:09
Masonry
54:18
Light Cavalry
54:56
Pikeman
55:37
Squires
56:02
Scale Mail Armor
56:32
Ring Archer Armor
56:54
Crop Rotation
56:07
Elite Fire Lancer
57:21
Murder Holes
58:10
Hussar
60:18
Chain Mail Armor
60:58
Elite Steppe Lancer
61:58
Siege Engineers
61:34
Treadmill Crane
62:24
Architecture
Mark Renton
9:06
Loom
13:37
Feudal Age
14:57
Town Watch
18:26
Castle Age
16:51
Double-Bit Axe
18:31
Crossbowman
25:46
Bow Saw
26:19
Fletching
28:08
Bodkin Arrow
31:18
Wheelbarrow
32:13
Ballistics
36:48
Horse Collar
41:07
Imperial Age
39:08
Padded Archer Armor
40:07
Leather Archer Armor
40:31
Yeomen
41:18
Heavy Plow
41:17
Arbalester
42:03
Bracer
43:09
Chemistry
42:09
Pikeman
43:03
Scale Mail Armor
42:55
Halberdier
44:10
Gold Mining
44:47
Chain Mail Armor
46:39
Squires
50:04
Plate Mail Armor
52:53
Hand Cart
53:57
Coinage
55:32
Forging
58:24
Iron Casting
62:13
Blast Furnace
60:36
Elite Skirmisher
Mayhem
3:58
Loom
13:46
Feudal Age
14:47
Double-Bit Axe
17:22
Castle Age
15:26
Gold Mining
16:43
Scale Barding Armor
19:46
Horse Collar
20:01
Light Cavalry
22:29
Fletching
24:57
Husbandry
26:04
Town Watch
26:36
Bloodlines
26:50
Bow Saw
28:33
Chain Barding Armor
29:31
Wheelbarrow
29:16
Bodkin Arrow
29:20
Stone Mining
33:51
Gold Shaft Mining
33:18
Heavy Plow
33:22
Padded Archer Armor
35:37
Pikeman
43:38
Imperial Age
42:29
Ballistics
44:59
Plate Barding Armor
45:47
Two-Man Saw
45:23
Crop Rotation
45:07
Cavalier
48:05
Hand Cart
48:20
Bracer
49:16
Caravan
50:58
Conscription
50:53
Paladin
56:38
Treadmill Crane
57:08
Masonry
57:59
Chemistry
58:31
Halberdier
59:17
Scale Mail Armor
61:44
Chain Mail Armor
62:38
Arson